 Dungeon Crawl Stone Soup version 0.28-a0-1429-gf3d713df7a (webtiles) character file.

Game seed: 6303764387642637071

251 eustatius the Magician (level 5, -4/28 HPs)
             Began as a Deep Elf Wanderer on Jan 8, 2022.
             Was a Believer of Hepliaklqana.
             Slain by Sigmund (7 damage)
             ... on level 4 of the Dungeon.
             The game lasted 00:14:12 (2648 turns).

eustatius the Magician (Deep Elf Wanderer)          Turns: 2648, Time: 00:14:13

Health: -4/28      AC:  3    Str: 14    XL:     5   Next: 88%
Magic:  3/13       EV: 13    Int: 20    God:    Hepliaklqana [**....]
Gold:   59         SH:  5    Dex: 14    Spells: 8/12 levels left

rFire   . . .      SeeInvis .   h - +2 dagger (freeze)
rCold   . . .      Faith    .   (no shield)
rNeg    . . .      Spirit   .   c - +0 robe
rPois   .          Reflect  +   (no helmet)
rElec   .          Harm     .   g - +0 cloak
rCorr   .          Rampage  .   (no gloves)
Will    .....                   (no boots)
Stlth   +.........              f - amulet of reflection
HPRegen 0.09/turn               n - +6 ring of strength
MPRegen 0.13/turn               (no ring)

@: no status effects
A: reduced essence
a: Renounce Religion, Recall Ancestor, Ancestor Identity


You were on level 4 of the Dungeon.
You worshipped Hepliaklqana.
Hepliaklqana was pleased with you.
You visited 1 branch of the dungeon, and saw 4 of its levels.

You collected 59 gold pieces.

Inventory:

Hand Weapons
 a - a +0 dagger
 h - a +2 dagger of freezing (weapon)
Missiles
 b - 150 stones (quivered)
Armour
 c - a +0 robe (worn)
 g - a +0 cloak (worn)
Jewellery
 f - an amulet of reflection (around neck)
 n - a +6 ring of strength (left hand)
Scrolls
 e - 3 scrolls of identify {unknown}
 j - 2 scrolls of immolation {unknown}
 k - 2 scrolls of teleportation {unknown}
 m - 2 scrolls of noise {unknown}
 o - a scroll of blinking {unknown}
 p - a scroll of brand weapon {unknown}
 q - a scroll of enchant weapon {unknown}
 s - 2 scrolls of fog {unknown}
Potions
 d - 5 potions of curing
 i - a potion of flight {unknown}
 l - a potion of might {unknown}
 r - a potion of brilliance {unknown}


   Skills:
 - Level 3.2 Fighting
 + Level 1.3 Short Blades
 * Level 3.1 Dodging
 + Level 0.5 Stealth
 + Level 4.1 Spellcasting
 + Level 1.7 Conjurations
 * Level 3.8 Air Magic
 * Level 2.6 Earth Magic


You had 8 spell levels left.
You knew the following spells:

 Your Spells              Type           Power      Damage    Failure   Level
a - Shock                 Conj/Air       60%        1d6       4%          1
b - Sandblast             Erth           28%        2d8       4%          1
c - Static Discharge      Conj/Air       15%        N/A       6%          2

Your spell library contained the following spells:

 Spells                   Type           Power      Damage    Failure   Level
 Corpse Rot               Necr/Air       22%        N/A       9%          2
 Stone Arrow              Conj/Erth      24%        3d8       16%         3


Dungeon Overview and Level Annotations

Branches:
Dungeon (4/15)
 Temple: D:4-7

Altars:
Hepliaklqana

Annotations:
D:4 Sigmund


Message History

Aim: Sigmund, wielding a +4 scythe of freezing and wearing a +0 robe (lightly wounded, 68% to hit)
The zap hits Sigmund.
Sigmund is moderately wounded.
Casting: Shock (safe; 4% risk of failure)
Confirm with . or Enter, or press ? or * to list all spells.
Aiming: Shock (safe; 4% risk of failure)
Press: ? - help, Shift-Dir - straight line, f/p - Sigmund
Aim: Sigmund, wielding a +4 scythe of freezing and wearing a +0 robe (moderately wounded, 68% to hit)
The zap hits Sigmund.
Sigmund is moderately wounded.
Casting: Shock (safe; 4% risk of failure)
Confirm with . or Enter, or press ? or * to list all spells.
Aiming: Shock (safe; 4% risk of failure)
Press: ? - help, Shift-Dir - straight line, f/p - Sigmund
Aim: Sigmund, wielding a +4 scythe of freezing and wearing a +0 robe (moderately wounded, 68% to hit)
The zap hits Sigmund.
Sigmund is moderately wounded.
Sigmund gestures at you while chanting. The magic dart hits you!
Sigmund closely misses you.
Casting: Shock (safe; 4% risk of failure)
Confirm with . or Enter, or press ? or * to list all spells.
Aiming: Shock (safe; 4% risk of failure)
Press: ? - help, Shift-Dir - straight line, f/p - Sigmund
Aim: Sigmund, wielding a +4 scythe of freezing and wearing a +0 robe (moderately wounded, 68% to hit)
The zap hits Sigmund.
Sigmund is moderately wounded.
Unknown command.
Casting: Shock (safe; 4% risk of failure)
Confirm with . or Enter, or press ? or * to list all spells.
Aiming: Shock (safe; 4% risk of failure)
Press: ? - help, Shift-Dir - straight line, f/p - Sigmund
Aim: Sigmund, wielding a +4 scythe of freezing and wearing a +0 robe (moderately wounded, 68% to hit)
The zap hits Sigmund.
Sigmund is heavily wounded.
Sigmund hits you from afar with a +4 scythe of freezing!
Ouch! That really hurt!
* * * LOW HITPOINT WARNING * * *
Sigmund freezes you!
You die...

..............#.
..(....#####..#.
#...#.# #.†..
#...#.# #....
####...#.#####....
#...........##..##
#(..........##..##
#.<...............
#@..........######
#........†..#
#@..........#
#...........#
#...........#
#...........#
#!..........#
............#
.....#########


You could see Sigmund.

Vanquished Creatures
  An ogre (D:3)
  A gnoll (D:1)
  2 adders (D:3)
  A worm (D:2)
  2 dart slugs (D:4)
  4 orcs (D:2)
  3 endoplasms
  4 giant cockroaches
  3 hobgoblins
  5 kobolds
  A quokka (D:1)
  5 ball pythons
  4 bats
  3 frilled lizards
  5 goblins
  6 rats
50 creatures vanquished.

Vanquished Creatures (collateral kills)
  2 hounds (D:4)
  A howler monkey skeleton (D:4)
  An adder (D:4)
  An orc (D:3)
  A giant cockroach (D:2)
  A ball python (D:4)
7 creatures vanquished.

Vanquished Creatures (others)
  A knight (D:4)
  2 ancestors
  A plant (D:2)
4 creatures vanquished.

Grand Total: 61 creatures vanquished

Notes
Turn   | Place    | Note
-------+----------+-------------------------------------------
     0 | D:1      | eustatius the Deep Elf Wanderer began the quest for the
                  | Orb.
     0 | D:1      | eustatius set off with the following items: a +0 dagger, 24
                  | stones, a +0 robe, a potion of curing; and the following
                  | spells available to memorise: Sandblast, Shock, Corpse Rot,
                  | Static Discharge, Stone Arrow
     0 | D:1      | Reached XP level 1. HP: 14/14 MP: 6/6
     5 | D:1      | Learned a level 1 spell: Shock
     7 | D:1      | Learned a level 1 spell: Sandblast
   334 | D:1      | Reached XP level 2. HP: 19/19 MP: 5/8
   967 | D:2      | Reached XP level 3. HP: 18/23 MP: 4/9
  1002 | D:2      | Found a faded altar of an unknown god.
  1087 | D:2      | Prayed at the altar of an unknown god.
  1087 | D:2      | Became a worshipper of Hepliaklqana the Forgotten
  1087 | D:2      | Reached * piety under Hepliaklqana
  1119 | D:2      | Reached skill level 1 in Conjurations
  2023 | D:3      | Learned a level 2 spell: Static Discharge
  2043 | D:3      | Noticed an ogre
  2056 | D:3      | Reached XP level 4. HP: 7/25 MP: 0/11
  2057 | D:3      | Killed an ogre
  2058 | D:3      | Reached skill level 1 in Short Blades
  2058 | D:3      | Reached XP level 5. HP: 8/28 MP: 0/12
  2510 | D:3      | Reached ** piety under Hepliaklqana
  2516 | D:3      | Remembered your ancestor Amala as a knight
  2594 | D:4      | Reached skill level 4 in Spellcasting
  2634 | D:4      | Noticed Sigmund
  2648 | D:4      | Slain by Sigmund

Illustrated notes

Levels and vault maps discovered:
D:1:      dpeg_arrival_court, layout_rooms
D:2:      layout_rooms, dreamdust_ecumenical_altar_grove, serial_glass,
          glass_columns_b, glass_columns_c, glass_columns_b, glass_columns_a,
          minmay_statues_item, wad_orctagon
D:3:      layout_basic
D:4:      layout_basic, minmay_temple_entry_enclosed_plants,
          nicolae_underground_beach, uniq_sigmund

Skill      XL: |  1  2  3  4  5 |
---------------+----------------+-----
Dodging        | 2 3 |  3.1
Earth Magic    | 2 |  2.6
Conjurations   | 1 |  1.7
Short Blades   | 1 |  1.3
Air Magic      | 3 |  3.8
Spellcasting   | 4 |  4.1
Fighting       | |  3.2
Stealth        | |  0.5

Action                   |  1- 3 |  4- 6 || total
-------------------------+-------+-------++-------
Melee: Dagger            |    42 |     6 ||    48
Throw: Stone             |     1 |       ||     1
 Cast: Shock             |    73 |    21 ||    94
       Static Discharge  |     2 |       ||     2
Invok: Ancestor Life: Kn |       |     1 ||     1
 Stab: Distracted        |       |     1 ||     1
Armor: Robe              |    21 |       ||    21
Dodge: Dodged            |    61 |     6 ||    67
Block: Other             |       |     2 ||     2

Table legend: (Time is in decaauts)
 A = Elapsed time spent in this place.
 B = Non-inter-level travel time spent in this place.
 C = Inter-level travel time spent in this place.
 D = Time resting spent in this place.
 E = Time spent auto-exploring this place.
 F = Levels seen in this place.
 G = Mean time per level.
                   A        B        C        D        E       F      G
               +--------+--------+--------+--------+--------+-----+--------+
         Total |   2645 |   2629 |     16 |    267 |   1481 |   4 |  661.2 |
       Dungeon |   2645 |   2629 |     16 |    267 |   1481 |   4 |  661.2 |
               +--------+--------+--------+--------+--------+-----+--------+

Top non-repeatable levels by time:
     D:1: 959 daAuts
     D:2: 913 daAuts
     D:3: 654 daAuts
     D:4: 118 daAuts
